 Dungeon Crawl Stone Soup version 0.21.1-1-g345015fe64 (webtiles) character file.

35 Khress the Charlatan (level 3, -4/26 HPs)
             Began as a Human Artificer on Feb 16, 2018.
             Was an Initiate of Sif Muna.
             Slain by a sky beast (5 damage)
             ... on level 3 of the Dungeon.
             The game lasted 00:11:59 (1658 turns).

Khress the Charlatan (Human Artificer)              Turns: 1658, Time: 00:11:59

Health: -4/26      AC:  9    Str: 13    XL:     3   Next: 55%
Magic:  5/5        EV:  6    Int: 11    God:    Sif Muna [......]
Gold:   113        SH:  0    Dex: 13    Spells: 2/2 levels left

rFire    . . .     SeeInvis .   m - +0 spear
rCold    . . .     Gourm    .   (no shield)
rNeg     . . .     Faith    .   q - +0 chain mail
rPois    .         Spirit   .   l - +0 helmet
rElec    .         Reflect  .   (no cloak)
rCorr    .         Harm     .   (no gloves)
MR       .....                  (no boots)
Stlth    ..........             (no amulet)
HPRegen  0.08/turn              (no ring)
MPRegen  0.09/turn              (no ring)

@: no status effects
A: no striking features
a: Renounce Religion


You were on level 3 of the Dungeon.
You worshipped Sif Muna.
Sif Muna was noncommittal.
You were not hungry.

You visited 1 branch of the dungeon, and saw 3 of its levels.

You collected 113 gold pieces.

Inventory:

Hand Weapons
 a - a +0 short sword
 g - a +0 hunting sling
 k - a +0 mace
 m - a +0 spear (weapon)
Missiles
 h - 112 stones (quivered)
 j - 16 arrows
 p - 13 bolts
Armour
 b - a +1 leather armour
 l - a +0 helmet (worn)
 q - a +0 chain mail (worn)
Wands
 c - a wand of flame (8)
 d - a wand of enslavement (15)
 e - a wand of random effects (15)
Scrolls
 i - a scroll of fog
 o - 2 scrolls of enchant armour
 r - a scroll of magic mapping {unknown}
 s - a scroll of identify
 u - a scroll of remove curse {unknown}
Potions
 n - a potion of brilliance
 t - a potion of mutation {unknown}
 v - a potion of magic {unknown}
Comestibles
 f - 5 rations


   Skills:
 + Level 1.0 Fighting
 + Level 1.4 Short Blades
 + Level 0.4 Polearms
 + Level 0.6 Armour
 + Level 2.6 Dodging
 + Level 1.0 Stealth
 + Level 3.4 Evocations


You had 2 spell levels left.
You didn't know any spells.

Dungeon Overview and Level Annotations

Branches:
Dungeon (3/15)

Altars:
Dithmenos
Gozag
Hepliaklqana
Nemelex Xobeh
Sif Muna
The Shining One


Message History

Aim: a sky beast (heavily wounded)
The puff of flame hits the sky beast.
The sky beast is almost dead.
The sky beast flickers out of sight!
Deactivating autopickup; reactivate with Ctrl-A.
Something hits you. Something shocks you.
* * * LOW HITPOINT WARNING * * *
You eat one of the 6 rations.
That ration really hit the spot!
A sky beast appears from thin air!
Reactivating autopickup.
The sky beast barely misses you.
Aiming: Throw Flame
Press: ? - help, Shift-Dir - straight line, f/p - sky beast
Aim: a sky beast (almost dead)
The puff of flame hits the sky beast.
The sky beast is almost dead.
The sky beast hits you.
* * * LOW HITPOINT WARNING * * *
The sky beast shocks you.
You die...

##########
#...Y....#
#..§@§...#
#...<....#
#........#
.............#
...?.........#
.............[#
....$..######..
....... ##
....##.


You could see a sky beast.

Vanquished Creatures
  A worm (D:2)
  A dart slug (D:2)
  4 leopard geckos
  A bat (D:1)
  4 giant cockroaches
  3 goblins
  2 hobgoblins
  2 kobolds (D:2)
  A ball python (D:1)
  4 frilled lizards
  2 rats (D:1)
25 creatures vanquished.

Notes
Turn   | Place    | Note
-------+----------+-------------------------------------------
     0 | D:1      | Khress the Human Artificer began the quest for the Orb.
     0 | D:1      | Reached XP level 1. HP: 15/15 MP: 3/3
   247 | D:1      | Reached XP level 2. HP: 17/21 MP: 4/4
  1007 | D:2      | Reached XP level 3. HP: 25/26 MP: 5/5
  1275 | D:2      | Found a shadowy altar of Dithmenos.
  1277 | D:2      | Found a sparkling altar of Nemelex Xobeh.
  1278 | D:2      | Found a deep blue altar of Sif Muna.
  1278 | D:2      | Found a glowing golden altar of the Shining One.
  1295 | D:2      | Found an opulent altar of Gozag.
  1296 | D:2      | Found a hazy altar of Hepliaklqana.
  1343 | D:2      | Became a worshipper of Sif Muna the Loreminder
  1647 | D:3      | Noticed a sky beast
  1658 | D:3      | HP: 1/26 [sky beast (4)]
  1658 | D:3      | Slain by a sky beast

Action                   || total
-------------------------++-------
Melee: Short sword       ||    43
       Spear             ||    62
Evoke: Wand              ||     7
  Use: Scroll            ||     3
       Potion            ||     2
 Stab: Sleeping          ||     2
  Eat: Chunk             ||     2
       Ration            ||     1
Armor: Leather armour    ||    25
       Chain mail        ||    18
Dodge: Dodged            ||    57
